AoeStats
← Stanko2026

Arena

507958605Analyzed
1v1 RM · 11d ago on Sep 20, 2026· 47m 58s· 2 players
Game mode
Random Map
Map size
Tiny (2 player)
Population
200
Speed
Normal
Resources
Standard
Victory
Conquest
Starting age
Dark Age
Ending age
Imperial Age
RankedLock teamsTeams togetherTeam positionsShared explorationLock speedFull tech treeHidden civsTurbo modeCheats
Victory
Defeat
🇹🇼 Britons · Taiwan
764
+15
🇩🇪 Burgundians · Germany
749
-15
Stanko2026
0:27 Loom
6:24 Horse Collar
9:20 Double-Bit Axe
12:33 Gold Mining
12:34 Stone Mining
16:33 Feudal Age
17:15 Heavy Plow
17:27 Bow Saw
17:57 Gold Shaft Mining
17:58 Stone Shaft Mining
21:54 Castle Age
19:59 Fletching
20:30 Scale Mail Armor
21:03 Scale Barding Armor
21:09 Padded Archer Armor
21:36 Forging
23:37 Two-Man Saw
23:09 Crop Rotation
25:00 Burgundian Vineyards
25:28 Elite Skirmisher
25:31 Pikeman
26:11 Squires
26:23 Squires
26:36 Arson
28:53 Leather Archer Armor
28:34 Bodkin Arrow
29:14 Town Watch
30:05 Wheelbarrow
30:20 Chain Barding Armor
30:57 Town Patrol
36:47 Imperial Age
37:04 Onager
38:26 Hoardings
38:12 Conscription
38:59 Chemistry
38:20 Ballistics
37:56 Murder Holes
38:12 Fortified Wall
37:43 Treadmill Crane
37:49 Arrowslits
yanghero
10:18 Feudal Age
15:59 Castle Age
14:05 Double-Bit Axe
14:03 Horse Collar
14:34 Stone Mining
17:08 Bow Saw
17:02 Heavy Plow
17:20 Gold Mining
18:37 Gold Shaft Mining
24:18 Padded Archer Armor
24:06 Crossbowman
31:13 Imperial Age
29:25 Leather Archer Armor
30:22 Fletching
31:22 Bodkin Arrow
31:09 Treadmill Crane
32:55 Wheelbarrow
33:22 Two-Man Saw
32:58 Conscription
33:16 Hoardings
32:41 Arbalester
33:31 Squires
33:12 Pikeman
34:39 Warwolf
34:41 Scale Mail Armor
34:52 Forging
35:05 Hand Cart
34:56 Elite Skirmisher
36:56 Chain Mail Armor
37:12 Ring Archer Armor
37:18 Iron Casting
37:06 Ballistics
38:46 Plate Mail Armor
38:17 Bracer
39:20 Chemistry
38:26 Siege Engineers
38:17 Murder Holes
37:43 Halberdier
39:25 Gambesons
40:05 Yeomen
40:48 Blast Furnace
40:02 Masonry
40:53 Arson
40:57 Loom
44:13 Elite Longbowman
Connection lost

Rejoining the realm…

Still unreachable

The connection could not be restored.

Session expired

The server has moved on; the page needs a fresh start.